Map: Frost LE

Players

TheoRy - Winner!

  • Race: Protoss Protoss
  • League: Master

msrm

  • Race: Zerg Zerg
  • League: Master

Event: Clash of the Clanless

VOD

Have the link to the VOD?

Description

Time

  • Played on: Aug. 20, 2016, 2:47 p.m.
  • Length: 8:28

All games in this series

Show
View Real Time Build Order
Export as new Build Order

TheoRy Protoss - Winner!

Build Orders:  

Get SALT Encoding   

  12  0:01  Probe (Chrono Boost)  
  13  0:11  Probe (Chrono Boost)  
  14  0:18  Pylon  
  14  0:22  Probe (Chrono Boost)  
  15  0:36  Probe (Chrono Boost)  
  15  0:42  Gateway  
  16  0:47  Probe (Chrono Boost), Assimilator  
  17  0:57  Probe (Chrono Boost)  
  18  1:08  Probe (Chrono Boost)  
  19  1:14  Pylon  
  20  1:18  Probe (Chrono Boost)  
  20  1:29  Probe (Chrono Boost)  
  21  1:35  Cybernetics Core  
  21  1:39  Probe (Chrono Boost)  
  22  1:50  Nexus  
  22  1:54  Probe (Chrono Boost)  
  25  2:05  Assimilator  
  26  2:08  Probe (Chrono Boost)  
  26  2:14  Warp Gate  
  24  2:15  Adept  
  24  2:19  Probe (Chrono Boost)  
  27  2:29  Probe (Chrono Boost)  
  28  2:35  Pylon  
  28  2:40  Probe (Chrono Boost)  
  28  2:42  Robotics Facility  
  29  2:48  Stalker  
  31  2:58  Gateway  
  31  3:05  Mothership Core (Chrono Boost)  
  33  3:09  Probe (Chrono Boost)  
  34  3:16  Gateway  
  34  3:19  Probe (Chrono Boost)  
  35  3:24  Pylon  
  36  3:27  Probe (Chrono Boost)  
  36  3:32  Adept  
  36  3:41  Warp Prism  
  40  3:47  Pylon  
  41  3:50  Probe (Chrono Boost)  
  41  3:53  Probe (Chrono Boost)  
  42  4:01  Probe (Chrono Boost)  
  43  4:04  Probe (Chrono Boost)  
  44  4:10  Pylon  
  44  4:11  Probe (Chrono Boost)  
  44  4:12  Pylon  
  44  4:15  Probe (Chrono Boost)  
  47  4:17  Observer  
  47  4:19  Sentry  
  47  4:20  Sentry  
  47  4:22  Probe (Chrono Boost)  
  47  4:23  Adept  
  54  4:25  Probe (Chrono Boost)  
  55  4:33  Probe (Chrono Boost)  
  55  4:36  Probe (Chrono Boost)  
  56  4:43  Probe (Chrono Boost), Assimilator  
  56  4:45  Assimilator  
  57  4:46  Twilight Council, Probe (Chrono Boost)  
  57  4:50  Sentry  
  57  4:51  Stalker  
  62  4:54  Probe (Chrono Boost)  
  62  4:57  Probe (Chrono Boost)  
  64  5:03  Stalker  
  64  5:04  Probe (Chrono Boost)  
  67  5:07  Probe (Chrono Boost)  
  67  5:08  Pylon  
  67  5:11  Immortal  
  72  5:15  Probe (Chrono Boost)  
  72  5:18  Probe (Chrono Boost)  
  74  5:23  Blink  
  74  5:25  Probe (Chrono Boost)  
  75  5:36  Probe (Chrono Boost)  
  75  5:38  Probe (Chrono Boost)  
  77  5:44  Stalker  
  77  5:47  Probe (Chrono Boost)  
  80  5:51  Nexus  
  80  5:52  Probe (Chrono Boost)  
  80  5:53  Pylon  
  81  6:00  Probe (Chrono Boost), Stalker x2  
  84  6:08  Pylon  
  84  6:19  Stalker  
  87  6:32  Probe (Chrono Boost)  
  87  6:35  Probe (Chrono Boost)  
  87  6:37  Stalker x2  
  87  6:38  Immortal  
  96  6:41  Pylon  
  96  6:43  Probe (Chrono Boost)  
  96  6:45  Stargate  
  96  6:46  Probe (Chrono Boost)  
  98  6:47  Gateway  
  98  6:48  Gateway  
  98  6:54  Probe (Chrono Boost)  
  97  7:02  Probe (Chrono Boost)  
  97  7:07  Robotics Facility  
  98  7:10  Adept x3  
  104  7:16  Probe (Chrono Boost)  
  104  7:18  Observer  
  83  7:38  Void Ray, Probe (Chrono Boost), Stalker x2  
  83  7:39  Stalker  
  90  7:47  Assimilator  
  90  7:49  Assimilator  
  90  7:53  Mothership Core (Chrono Boost)  
  90  7:55  Gateway  
  90  7:57  Gateway  
  100  8:00  Forge  
  100  8:01  Pylon  
  100  8:03  Pylon  
  100  8:04  Stalker  
  100  8:10  Probe (Chrono Boost)  
  100  8:12  Adept  
  103  8:13  Adept x2  
Show
View Real Time Build Order
Export as new Build Order

msrm Zerg 

Build Orders: Hatch First 

Get SALT Encoding   

  12  0:01  Drone  
  13  0:08  Drone  
  14  0:17  Overlord  
  14  0:22  Extractor  
  14  0:23  Drone  
  14  0:29  Drone, Extractor  
  14  0:35  Drone  
  17  0:53  Hatchery  
  17  0:55  Drone  
  17  0:58  Drone  
  18  1:09  Extractor  
  17  1:14  Spawning Pool  
  17  1:16  Drone  
  17  1:20  Drone  
  18  1:27  Drone  
  19  1:37  Drone  
  20  1:49  Hatchery  
  20  1:54  Drone  
  20  2:02  Queen  
  22  2:12  Drone  
  22  2:13  Metabolic Boost  
  22  2:14  Drone  
  24  2:20  Overlord  
  24  2:25  Zergling x2  
  24  2:27  Zergling x2  
  24  2:29  Zergling x2  
  27  2:33  Zergling x2  
  28  2:41  Queen  
  30  2:47  Pneumatized Carapace  
  30  2:52  Drone x2  
  30  2:56  Drone  
  33  3:01  Overlord  
  33  3:08  Queen  
  35  3:13  Drone  
  36  3:23  Lair  
  36  3:30  Roach Warren, Drone  
  36  3:36  Drone x2  
  36  3:37  Drone  
  39  3:46  Overlord x2  
  39  4:01  Drone x3  
  42  4:04  Overlord, Extractor  
  42  4:05  Extractor  
  42  4:06  Drone x3  
  43  4:17  Drone x4  
  43  4:18  Drone  
  43  4:23  Roach x2  
  52  4:35  Glial Reconstitution  
  52  4:42  Roach  
  54  4:46  Overlord  
  54  4:59  Drone x9  
  63  5:00  Hydralisk Den  
  62  5:10  Overlord, Drone x3  
  62  5:13  Drone x4  
  62  5:14  Drone x2  
  71  5:15  Extractor  
  70  5:25  Evolution Chamber x2  
  70  5:27  Drone x3  
  71  5:28  Baneling Nest  
  68  5:40  Extractor  
  67  5:47  Drone x2  
  67  5:48  Drone x9  
  78  5:54  Zerg Missile Weapons Level 1  
  78  5:55  Zerg Melee Weapons Level 1  
  76  6:05  Drone x3  
  77  6:34  Overlord  
  77  6:35  Overlord x2  
  77  6:38  Overlord  
  77  6:53  Hydralisk x5  
  87  6:58  Roach x7  
  90  7:15  Ravager x3  
  83  7:16  Zergling x8  
  83  7:17  Zergling x4  
  68  7:38  Hatchery  
  67  7:49  Drone x2  
  69  7:54  Hatchery  
Tags
 
Add a new tag
Caveats
  • Supply blocks, unpowered buildings, or Contaminate may cause inaccurate times.
  • Supply counts are checked every 10 seconds.